 Dungeon Crawl Stone Soup version 0.24.0-37-gcf1ca852f1 (webtiles) character file.

Game seed: 5841565396123989802, levelgen mode: deterministic

449 Iamsoldier the Gusty (level 7, -2/40 HPs)
             Began as a Tengu Air Elementalist on Dec 3, 2019.
             Was a Follower of Vehumet.
             Shot with an arrow by a centaur (8 damage)
             ... on level 5 of the Dungeon.
             The game lasted 00:13:13 (5373 turns).

Iamsoldier the Gusty (Tengu Air Elementalist)       Turns: 5373, Time: 00:13:15

Health: -2/40      AC:  4    Str: 10    XL:     7   Next: 4%
Magic:  11/13      EV: 13    Int: 15    God:    Vehumet [*.....]
Gold:   325        SH:  0    Dex: 15    Spells: 6/13 levels left

rFire    . . .     SeeInvis .   i - +0 dagger (freeze)
rCold    . . .     Gourm    .   (no shield)
rNeg     + . .     Faith    .   a - +0 robe
rPois    .         Spirit   .   w - +2 hat
rElec    .         Reflect  .   (no cloak)
rCorr    .         Harm     .   (no gloves)
MR       .....                  (boots unavailable)
Stlth    ++........             (no amulet)
HPRegen  0.13/turn              b - ring of wizardry
MPRegen  0.13/turn              k - ring of positive energy

@: no status effects
A: beak, talons 3, able to fly
a: Fly, Renounce Religion


You were on level 5 of the Dungeon.
You worshipped Vehumet.
Vehumet was aware of your devotion.
You were not hungry.

You visited 1 branch of the dungeon, and saw 5 of its levels.

You collected 325 gold pieces.

Inventory:

Hand Weapons
 i - a +0 dagger of freezing (weapon)
Armour
 a - a +0 robe (worn)
 w - a +2 hat (worn)
Jewellery
 b - a ring of wizardry (left hand)
 h - an uncursed ring of flight
 k - a ring of positive energy (right hand)
Scrolls
 d - 2 scrolls of identify
 f - 3 scrolls of teleportation
 g - a scroll of fear {unknown}
 j - a scroll of blinking {unknown}
 m - 2 scrolls of immolation
 o - 5 scrolls of enchant weapon {unknown}
 q - 2 scrolls of remove curse {unknown}
 r - a scroll of enchant armour {unknown}
 s - a scroll of random uselessness {unknown}
 t - a scroll of amnesia {unknown}
Potions
 e - a potion of heal wounds
 l - a potion of agility {unknown}
 n - a potion of ambrosia {unknown}
 p - a potion of haste {unknown}
 u - a potion of flight {unknown}
 v - 2 potions of lignification {unknown}
 z - a potion of curing {unknown}
Comestibles
 c - 11 rations
 x - 4 chunks of flesh


   Skills:
 + Level 2.2 Fighting
 - Level 3.3 Dodging
 - Level 2.0 Stealth
 + Level 3.7 Spellcasting
 + Level 4.7 Conjurations
 + Level 6.1 Air Magic


You had 6 spell levels left.
You knew the following spells:

 Your Spells              Type           Power        Failure   Level  Hunger
a - Shock                 Conj/Air       ###.         1%          1    None
b - Airstrike             Air            ###.......   6%          4    ####...
c - Swiftness             Chrm/Air       ##......     3%          2    ##.....

Your spell library contained the following spells:

 Spells                   Type           Power        Failure   Level  Hunger
 Magic Dart               Conj           ###.         1%          1    None
 Static Discharge         Conj/Air       ###.....     2%          3    ###....
 Corona                   Hex            #......      8%          1    None
 Dazzling Spray           Conj/Hex       #.....       9%          3    ###....
 Ensorcelled Hibernation  Hex/Ice        #.....       12%         2    ##.....
 Confuse                  Hex            #.......     22%         3    ###....
 Tukima's Dance           Hex            #.......     22%         3    ###....
 Lightning Bolt           Conj/Air       ###.......   22%         5    ######.


Dungeon Overview and Level Annotations

Branches:
Dungeon (5/15)
 Temple: D:4-7

Altars:
Fedhas
Makhleb
Qazlal
Vehumet

Annotations:
D:3 exclusion: downstairs
D:5 Dowan, Duvessa, Edmund


Innate Abilities, Weirdness & Mutations

You have a beak for a mouth.
You have claws for feet.
You can fly continuously.


Message History

The arrow hits you!
Dowan gestures at Duvessa while chanting.
Duvessa seems to speed up.
Casting: Shock (safe; 1% risk of failure)
Confirm with . or Enter, or press ? or * to list all spells.
Aiming: Shock (safe; 1% risk of failure)
Press: ? - help, Shift-Dir - straight line The zap hits Duvessa.
Duvessa is lightly wounded.
The zap hits Duvessa.
Duvessa is moderately wounded.
The centaur shoots an arrow.
The arrow hits you!
Edmund the Younger comes into view.
He is wielding a +3 flail of distortion.
Duvessa hits you with a +0 short sword!
* * * LOW HITPOINT WARNING * * *
The centaur shoots an arrow.
The arrow completely misses you. Duvessa hits you with a +0 short sword.
* * * LOW HITPOINT WARNING * * *
The centaur shoots an arrow.
The arrow hits you!
You die...

..............#
.....<...@....#
...............
...............
...............
..............)
......S........
#..e@......$
#..........#
#.e.......##
#.....###..c
#.(...# #.
#.....# #.#####
#.


You could see Edmund, Duvessa, Dowan, a centaur and an adder.

Vanquished Creatures
  Eustachio (D:4)
  A hound (D:4)
  An orc priest (D:3)
  An orc wizard (D:4)
  2 worker ants (D:4)
  6 adders
  2 oozes
  An adder skeleton (D:4)
  3 worms
  2 dart slugs
  5 leopard geckos
  5 orcs
  5 bats
  7 giant cockroaches
  13 goblins
  8 hobgoblins
  A jackal (D:2)
  A ball python (D:1)
  4 frilled lizards
  5 kobolds
  9 rats
83 creatures vanquished.

Notes
Turn   | Place    | Note
-------+----------+-------------------------------------------
     0 | D:1      | Iamsoldier the Tengu Air Elementalist began the quest for
                  | the Orb.
     0 | D:1      | Reached XP level 1. HP: 10/10 MP: 4/4
   229 | D:1      | Reached XP level 2. HP: 10/15 MP: 0/6
   808 | D:1      | Reached XP level 3. HP: 19/19 MP: 0/7
  1571 | D:2      | Reached XP level 4. HP: 24/24 MP: 0/8
  1906 | D:2      | Found a blossoming altar of Fedhas.
  1944 | D:2      | Learned a level 4 spell: Airstrike
  1947 | D:2      | Learned a level 2 spell: Swiftness
  2013 | D:2      | Found a stormy altar of Qazlal.
  2015 | D:2      | Found a radiant altar of Vehumet.
  2026 | D:2      | Became a worshipper of Vehumet
  2574 | D:2      | Reached skill level 5 in Air Magic
  2690 | D:2      | Gained mutation: You can fly continuously. [Tengu growth]
  2690 | D:2      | Reached XP level 5. HP: 28/28 MP: 5/10
  3511 | D:3      | Reached * piety under Vehumet
  3511 | D:3      | Offered knowledge of Magic Dart by Vehumet.
  3901 | D:4      | Noticed Eustachio
  4133 | D:4      | Reached skill level 1 in Fighting
  4393 | D:4      | Killed Eustachio
  4393 | D:4      | Reached XP level 6. HP: 35/35 MP: 2/12
  4672 | D:4      | Found a burning altar of Makhleb.
  4744 | D:4      | Reached skill level 6 in Air Magic
  5224 | D:4      | Reached XP level 7. HP: 33/40 MP: 8/13
  5370 | D:5      | Entered Level 5 of the Dungeon
  5370 | D:5      | Noticed Duvessa
  5370 | D:5      | Noticed Dowan
  5372 | D:5      | Noticed Edmund
  5373 | D:5      | Shot with an arrow by a centaur

Levels and vault maps discovered:
D:1:      dpeg_arrival_pond, layout_rooms, serial_bayou, serial_bayou_shore_a,
          serial_bayou_lake_a, serial_bayou_lagoon_a, serial_bayou_pond_b,
          serial_bayou_shore_b
D:2:      layout_loops_ring, fedhas_altar_3, gammafunk_temple_overflow_pools,
          first_ration, grunt_ministairs_13, nrook_mini_backslash,
          minmay_divided_ellipse
D:3:      layout_loops_ring
D:4:      layout_basic, lemuel_crystal_altar, uniq_eustachio
D:5:      layout_rooms, kennysheep_generic_room_11, uniq_duvessa, uniq_sigmund,
          uniq_crazy_yiuf_cottage, uniq_grinder, uniq_edmund

Skill      XL: |  1  2  3  4  5  6 |
---------------+-------------------+-----
Conjurations   | 2 3 4 |  4.7
Dodging        | 3 |  3.3
Air Magic      | 5 6 |  6.1
Spellcasting   | 3 |  3.7
Fighting       | 1 2 |  2.2
Stealth        | |  2.0

Action                   |  1- 3 |  4- 6 |  7- 9 || total
-------------------------+-------+-------+-------++-------
Melee: Unarmed           |    13 |       |       ||    13
       Peck              |     2 |     1 |       ||     3
       Dagger            |     5 |    10 |       ||    15
       Kick              |     1 |     5 |       ||     6
 Cast: Shock             |    65 |   127 |     5 ||   197
       Airstrike         |       |     4 |       ||     4
  Use: Scroll            |     1 |     2 |       ||     3
  Eat: Chunk             |     3 |    12 |     1 ||    16
Armor: Robe              |     9 |    11 |       ||    20
Dodge: Dodged            |    21 |    47 |     1 ||    69
